AoeStats
← LRNI Streck

Glade

510902178Analyzed
1v1 RM · 16h ago on Oct 3, 2026· 35m 1s· 2 players
Game mode
Random Map
Map size
Tiny (2 player)
Population
200
Speed
Normal
Resources
Standard
Victory
Conquest
Starting age
Dark Age
Ending age
Imperial Age
RankedLock teamsTeams togetherTeam positionsShared explorationLock speedFull tech treeHidden civsTurbo modeCheats
Victory
Defeat
🇦🇷 Spanish · Argentina
1141
+16
🇨🇱 Franks · Chile
1144
-16
TuCAAA :D
4:32 Loom
9:58 Feudal Age
13:57 Castle Age
12:44 Double-Bit Axe
14:42 Loom
14:43 Horse Collar
20:07 Fletching
27:56 Wheelbarrow
30:31 Imperial Age
28:26 Heavy Plow
28:21 Gold Mining
28:56 Padded Archer Armor
29:58 Bow Saw
29:53 Stone Mining
30:55 Leather Archer Armor
34:38 Hand Cart
35:29 Two-Man Saw
34:54 Scale Barding Armor
35:21 Ring Archer Armor
LRNI Streck
8:34 Loom
10:40 Feudal Age
16:06 Castle Age
14:54 Scale Barding Armor
15:00 Forging
15:37 Forging
15:20 Fletching
15:50 Double-Bit Axe
16:06 Gold Mining
19:54 Bow Saw
22:17 Iron Casting
27:25 Gold Shaft Mining
26:28 Elite Skirmisher
33:10 Imperial Age
31:02 Stone Mining
35:02 Conscription
Connection lost

Rejoining the realm…

Still unreachable

The connection could not be restored.

Session expired

The server has moved on; the page needs a fresh start.